 Dungeon Crawl Stone Soup version 0.24-a0-517-gd52e2fb918 (webtiles) character file.

Game seed: 6810411468987497388

8003 KristoblXynda the Carver (level 11, -1/79 HPs)
             Began as a Red Draconian Skald on July 22, 2019.
             Was a Follower of Ashenzari.
             Slain by confidenceinterval's ghost (18 damage)
             ... on level 10 of the Dungeon.
             The game lasted 00:16:14 (9517 turns).

KristoblXynda the Carver (Red Draconian Skald)      Turns: 9517, Time: 00:16:14

Health: -1/79      AC: 10    Str: 14    XL:     11   Next: 4%
Magic:  0/14       EV: 16    Int: 16    God:    Ashenzari [*.....]
Gold:   374        SH:  0    Dex: 11    Spells: 10/14 levels left

rFire    + . .     SeeInvis +   A - +2 scimitar (vamp)
rCold    + . .     Gourm    .   (no shield)
rNeg     . . .     Faith    .   (armour unavailable)
rPois    .         Spirit   +   (helmet restricted)
rElec    .         Reflect  .   d - +1 cloak (curse)
rCorr    .         Harm     .   f - +0 pair of gloves
MR       .....                  (no boots)
Stlth    +.........             r - amulet of guardian spirit
HPRegen  0.23/turn              a - ring of see invisible
MPRegen  0.14/turn              h - ring of protection from cold (curse)

@: short of breath, lightly drained
A: breathe fire, unfitting armour, fire resistance 1, cold-blooded, AC +7
a: Breathe Fire, Curse Item, Scrying, Renounce Religion


You were on level 10 of the Dungeon.
You worshipped Ashenzari.
Ashenzari was aware of your devotion.
You were very hungry.

You visited 2 branches of the dungeon, and saw 11 of its levels.

You collected 499 gold pieces.
You spent 125 gold pieces at shops.

Inventory:

Hand Weapons
 n - a +0 long sword
 A - a +2 vampiric scimitar (weapon)
Armour
 d - a cursed +1 cloak (worn)
 f - a +0 pair of gloves (worn)
Jewellery
 a - a ring of see invisible (left hand)
 e - an uncursed ring of protection from magic
 h - a cursed ring of protection from cold (right hand)
 r - an amulet of guardian spirit (around neck)
 D - an uncursed ring of fire
Wands
 s - a wand of iceblast (7)
 C - a wand of paralysis (9)
 E - a wand of clouds (4)
Scrolls
 j - a scroll of amnesia
 k - a scroll of fog {unknown}
 l - 4 scrolls of remove curse
 t - a scroll of noise {unknown}
 x - 2 scrolls of magic mapping
 y - 4 scrolls of teleportation
 B - a scroll of random uselessness {unknown}
 F - a scroll of immolation
 G - a scroll of fear {unknown}
Potions
 b - 2 potions of might
 g - 3 potions of brilliance
 i - 3 potions of agility
 m - a potion of cancellation {unknown}
 o - 2 potions of flight
 q - 3 potions of haste
 u - a potion of ambrosia
 v - a potion of resistance
 w - a potion of curing
 z - a potion of mutation
Comestibles
 c - 17 rations


   Skills:
 - Level 2.1 Fighting
 + Level 11.3 Long Blades
 + Level 8.2 Dodging
 - Level 2.0(1.9) Spellcasting
 + Level 8.3 Charms
 + Level 4.2 Evocations


You had 10 spell levels left.
You knew the following spells:

 Your Spells              Type           Power        Failure   Level  Hunger
a - Infusion              Chrm           ####         1%          1    #......
b - Regeneration          Chrm/Necr      ##........   12%         3    ###....

Your spell library contained the following spells:

 Spells                   Type           Power        Failure   Level  Hunger
 Song of Slaying          Chrm           ####....     1%          2    ###....
 Shroud of Golubria       Chrm/Tloc      ##....       6%          2    ###....
 Spectral Weapon          Hex/Chrm       ##......     12%         3    ###....
 Irradiate                Conj/Tmut      #.........   99%         5    ######.
 Hydra Form               Tmut           #.........   100%        6    #######
 Statue Form              Tmut/Erth      #........    100%        6    #######
 Dragon Form              Tmut           #.........   100%        7    #######


Dungeon Overview and Level Annotations

Branches:
Dungeon (10/15)            Temple (1/1) D:7
   Lair: D:8-11         Orc: D:9-12

Altars:
Ashenzari
Cheibriados
Dithmenos
Elyvilon
Fedhas
Gozag
Hepliaklqana
Kikubaaqudgha
Makhleb
Nemelex Xobeh
Okawaru
Qazlal
Ru
Sif Muna
Trog
Uskayaw
Vehumet
Wu Jian
Xom
Yredelemnul
Zin
The Shining One

Shops:
D:4 !*=!

Annotations:
D:10 1 transporter, confidenceinterval's ghost, journeyman DsFi


Innate Abilities, Weirdness & Mutations

You can breathe blasts of fire.
Your fiery red scales are hard. (AC +7)
You cannot fit into any form of body armour.
Your flesh is heat resistant. (rF+)
You are cold-blooded and may be slowed by cold attacks.


Message History

The two-headed ogre hits itself with a +0 giant club!!
The two-headed ogre is killed!
You have reached level 11!
Unknown command.
As you read the scroll labeled BAIPIE OKLAKAU, it crumbles to dust.
It is a scroll of amnesia.
Forget Infusion, freeing 1 spell level for a total of 11?
Really abort (and waste the scroll)?
Okay, then.
The two-headed ogre seems less confused.
Confidenceinterval's ghost is engulfed in blazing flames.
Confidenceinterval's ghost hits you!
* * * LOW HITPOINT WARNING * * *
The two-headed ogre hits you with the cursed +1 giant spiked club of Ucsomiv {freeze, rF+}.
* * * LOW HITPOINT WARNING * * *
The two-headed ogre closely misses you.
You feel better.
Confidenceinterval's ghost is engulfed in blazing flames.
Confidenceinterval's ghost hits you!!
You die...

#.###.......###
#.#...#####...##
#...###...###..# #
#..###..#...##.## ##
#..#..###.y§§#..#
.####.##.##≈#..§○##.###
..##..#W...$$O.§°☼#...#
..)..©#T...!_.##°W#©..#
..##..#O..#[..≈#@O#...#
.####.####≈#.######.#.#
#####..# *##..#.##..#.#
###....## #....(##.##.#
#.......###.©.###.[##.#
#.....#.).#####...##..#
...........(....####.##
#.....####.###### #.#
#.....# #.....# #.#


You could see a two-headed ogre, a moth of wrath (confused) and
confidenceinterval's ghost.

Vanquished Creatures
  Harold (D:10)
  2 two-headed ogres
  Sonja (D:10)
  A cyclops (D:10)
  A gargoyle (D:10)
  A troll (D:9)
  Prince Ribbit (D:6)
  2 hippogriffs (D:9)
  Sigmund (D:5)
  A vampire (D:10)
  A wyvern (D:8)
  A hungry ghost (D:8)
  Duvessa (D:6)
  2 sky beasts
  2 orc warriors
  2 phantoms
  3 ice beasts
  A black bear (D:8)
  6 ogres
  2 centaurs
  A crocodile (D:9)
  A big kobold (D:7)
  4 bullfrogs
  Dowan (D:6)
  A water moccasin zombie (D:3)
  A scorpion (D:10)
  3 killer bees (D:10)
  4 howler monkeys
  4 crimson imps
  A centaur zombie (D:6)
  A bullfrog zombie (D:7)
  4 hounds
  4 orc priests
  7 orc wizards
  3 bullfrog skeletons
  2 iguanas (D:8)
  6 worker ants
  2 worker ant zombies
  5 adders
  7 gnolls
  A howler monkey skeleton (D:7)
  2 shadow imps
  An adder skeleton (D:6)
  A dart slug (D:1)
  7 leopard geckos
  38 orcs
  7 giant cockroaches
  11 goblins
  3 hobgoblins (D:1)
  6 jackals
  2 quokkas (D:3)
  A ball python (D:7)
  10 bats
  4 frilled lizards
  9 kobolds
  A leopard gecko skeleton (D:4)
  8 rats
207 creatures vanquished.

Vanquished Creatures (others)
  A giant cockroach (D:5)
1 creature vanquished.

Grand Total: 208 creatures vanquished

Notes
Turn   | Place    | Note
-------+----------+-------------------------------------------
     0 | D:1      | KristoblXynda the Draconian Skald began the quest for the
                  | Orb.
     0 | D:1      | Reached XP level 1. HP: 17/17 MP: 3/3
    66 | D:1      | Reached XP level 2. HP: 17/24 MP: 5/5
   649 | D:1      | Reached XP level 3. HP: 29/29 MP: 6/6
  1170 | D:2      | Reached skill level 3 in Long Blades
  1543 | D:3      | Found a snail-covered altar of Cheibriados.
  1621 | D:3      | Learned a level 3 spell: Regeneration
  1820 | D:2      | Reached XP level 4. HP: 12/36 MP: 7/7
  2458 | D:3      | Found a faded altar of an unknown god.
  2525 | D:3      | Reached skill level 4 in Long Blades
  2525 | D:3      | Reached XP level 5. HP: 33/41 MP: 8/8
  2663 | D:4      | Noticed an ogre
  2673 | D:4      | HP: 1/41 [ogre/+0 giant club (19)]
  2677 | D:4      | Killed an ogre
  3019 | D:4      | Found a white marble altar of Elyvilon.
  3056 | D:4      | Reached XP level 6. HP: 45/48 MP: 9/9
  3159 | D:4      | Found Gofesej's Assorted Antiques.
  3164 | D:4      | Bought a blackened emerald amulet for 125 gold pieces
  3186 | D:4      | Found Sevyq's Jewellery Shop.
  3191 | D:4      | Found Icuxebom's Distillery.
  3212 | D:4      | Found Kiuneuh's Distillery.
  3227 | D:4      | Reached skill level 5 in Long Blades
  3416 | D:4      | Found Muwufruo's Food Emporium.
  3485 | D:4      | Your scales start taking on a fiery red colour.
  3485 | D:4      | Reached XP level 7. HP: 50/55 MP: 10/10
  3485 | D:4      | Gained mutation: Your flesh is heat resistant. (rF+) [Red
                  | Draconian growth]
  3716 | D:5      | Entered Level 5 of the Dungeon
  3861 | D:5      | Reached skill level 6 in Long Blades
  3990 | D:5      | Noticed Sigmund
  4342 | D:5      | Killed Sigmund
  4517 | D:6      | Reached XP level 8. HP: 61/61 MP: 11/11
  4653 | D:6      | Reached skill level 5 in Charms
  4657 | D:6      | Noticed Duvessa
  4659 | D:6      | Reached skill level 7 in Long Blades
  4676 | D:6      | Noticed Dowan
  4676 | D:6      | Killed Duvessa
  4676 | D:6      | Reached skill level 5 in Dodging
  4695 | D:6      | Killed Dowan
  4869 | D:6      | Noticed a two-headed ogre
  4951 | D:6      | Noticed Prince Ribbit
  4966 | D:6      | Killed Prince Ribbit
  4966 | D:6      | Reached skill level 8 in Long Blades
  5363 | D:6      | Reached XP level 9. HP: 67/67 MP: 12/12
  5462 | D:6      | Killed a two-headed ogre
  5462 | D:6      | Reached skill level 9 in Long Blades
  5660 | D:7      | Found a staircase to the Ecumenical Temple.
  5692 | Temple   | Entered the Ecumenical Temple
  5734 | Temple   | Became a worshipper of Ashenzari the Shackled
  6638 | D:8      | Found an iron altar of Okawaru.
  6658 | D:8      | Reached skill level 10 in Long Blades
  6805 | D:8      | Reached * piety under Ashenzari
  7376 | D:9      | Reached XP level 10. HP: 73/73 MP: 13/13
  7940 | D:9      | Reached skill level 1 in Evocations
  8336 | D:10     | Entered Level 10 of the Dungeon
  8899 | D:10     | Noticed Harold
  8901 | D:10     | Found a transporter.
  8902 | D:10     | Noticed a cyclops
  8903 | D:10     | Noticed a moth of wrath
  8906 | D:10     | Identified the cursed +1 giant spiked club of Ucsomiv
                  | {freeze, rF+}
  8906 | D:10     | Noticed a two-headed ogre
  8907 | D:10     | Noticed confidenceinterval's ghost (journeyman DsFi)
  8909 | D:10     | Killed Harold
  8909 | D:10     | Reached skill level 11 in Long Blades
  8909 | D:10     | Noticed a two-headed ogre
  8931 | D:10     | Found a bloodstained altar of Trog.
  8943 | D:10     | Noticed a gargoyle
  8950 | D:10     | Killed a gargoyle
  8997 | D:10     | Found a transporter.
  9256 | D:10     | Noticed Sonja
  9264 | D:10     | Killed Sonja
  9505 | D:10     | Killed a cyclops
  9515 | D:10     | Killed a two-headed ogre
  9515 | D:10     | Reached XP level 11. HP: 25/79 MP: 2/14
  9517 | D:10     | Slain by confidenceinterval's ghost

Levels and vault maps discovered:
D:1:      tarquinn_simple_flora_water_e, layout_loops_ring,
          serial_bayou_crossing
D:2:      layout_loops_corners
D:3:      layout_rooms, first_ration, chequers_ecumenical_altar_island,
          nrook_campfire, cheibriados_altar_1
D:4:      minmay_door_path, layout_loops_ring, elyvilon_altar_3, serial_shops,
          nicolae_shop_stone, shop_fountains, shop, shop, nicolae_shop_stone
D:5:      layout_loops_ring, uniq_sigmund
D:6:      layout_basic, due_unseen_surprise, uniq_prince_ribbit1, uniq_duvessa
D:7:      layout_gridville, minmay_temple_entry_stoned_glass
D:8:      layout_loops_ring, basic_altar
D:9:      layout_loops_corners
D:10:     layout_loops_ring, gammafunk_ghost_wrathful_warriors, uniq_sonja,
          uniq_harold
Temple:   kilobyte_greek_temple

Skill      XL: |  1  2  3  4  5  6  7  8  9 10 |
---------------+-------------------------------+-----
Charms         | 3 4 5 7 8 |  8.3
Long Blades    | 3 4 5 6 8 10 11 | 11.3
Dodging        | 3 4 5 6 8 |  8.2
Evocations     | 4 |  4.2
Fighting       | |  2.1
Spellcasting   | |  2.0

Action                   |  1- 3 |  4- 6 |  7- 9 | 10-12 || total
-------------------------+-------+-------+-------+-------++-------
Melee: Falchion          |   117 |   156 |   360 |   149 ||   782
       Tailslap          |    14 |    14 |    51 |    26 ||   105
       Scimitar          |       |       |       |    43 ||    43
Invok: Curse Item        |       |       |     1 |       ||     1
 Abil: Breathe Fire      |       |       |    10 |    11 ||    21
Evoke: Wand              |       |       |     1 |     5 ||     6
  Use: Scroll            |       |     4 |     7 |     5 ||    16
       Potion            |       |     1 |       |     2 ||     3
 Stab: Sleeping          |       |     1 |     1 |       ||     2
       Paralysed         |       |       |       |     8 ||     8
       Confused          |       |       |       |     1 ||     1
  Eat: Ration            |     1 |       |     1 |     1 ||     3
       Chunk             |       |     5 |    13 |     4 ||    22
Armor: Skin              |    54 |    58 |   132 |    62 ||   306
Dodge: Dodged            |   127 |   116 |   260 |   137 ||   640
       Rpst.: Falchion   |    31 |    37 |    79 |    23 ||   170
       Scimitar          |       |       |       |     8 ||     8

Table legend:
 A = Non-vault XP
 B = Vault XP
 C = Vault XP percentage of total XP
 D = Non-vault monster count
 E = Vault monster count
 F = Vault count percentage of total count
                 A         B        C        D         E       F
            +---------+---------+-------+---------+---------+-------
      Total |    7789 |    3645 |  31.9 |     198 |      10 |   4.8
            +---------+---------+-------+---------+---------+-------
        D:1 |      41 |       0 |   0.0 |      25 |       0 |   0.0
        D:2 |      28 |       0 |   0.0 |      10 |       0 |   0.0
        D:3 |     142 |       0 |   0.0 |      21 |       0 |   0.0
        D:4 |     553 |      35 |   6.0 |      23 |       2 |   8.0
        D:5 |     372 |     242 |  39.4 |       9 |       1 |  10.0
        D:6 |    1829 |     509 |  21.8 |      32 |       3 |   8.6
        D:7 |     564 |       0 |   0.0 |      24 |       0 |   0.0
        D:8 |    1032 |       0 |   0.0 |      17 |       0 |   0.0
        D:9 |    1505 |       0 |   0.0 |      18 |       0 |   0.0
       D:10 |    1723 |    2859 |  62.4 |      19 |       4 |  17.4
            +---------+---------+-------+---------+---------+-------
